 Dungeon Crawl Stone Soup version 0.27.1 (webtiles) character file.

Game seed: 17092822564942672933

2403 pkoi the Grappler (level 9, -10/81 HPs)
             Began as a Troll Fighter on Aug 30, 2021.
             Was a Priest of Elyvilon.
             Mangled by a troll (17 damage)
             ... on level 7 of the Dungeon.
             The game lasted 00:08:19 (5842 turns).

pkoi the Grappler (Troll Fighter)                   Turns: 5842, Time: 00:08:20

Health: -10/81     AC:  5    Str: 29    XL:     9   Next: 23%
Magic:  8/12       EV:  9    Int:  4    God:    Elyvilon [***...]
Gold:   248        SH: 10    Dex:  9    Spells: 8/8 levels left

rFire    + . .     SeeInvis .     - Unarmed
rCold    . . .     Faith    .   b - +0 kite shield
rNeg     . . .     Spirit   .   a - +0 robe
rPois    .         Reflect  .   (helmet restricted)
rElec    .         Harm     .   n - +0 cloak
rCorr    .         Rampage  .   (gloves unavailable)
Will     .....                  (boots unavailable)
Stlth    +.........             (no amulet)
HPRegen  1.23/turn              h - ring of protection from fire
MPRegen  0.13/turn              (no ring)

@: no status effects
A: large, unfitting armour, claws 3, regeneration 1, shaggy fur 1, tough skin 1
a: Renounce Religion, Lesser Healing, Heal Other, Purification, Divine
Protection


You were on level 7 of the Dungeon.
You worshipped Elyvilon.
Elyvilon was most pleased with you.
You visited 2 branches of the dungeon, and saw 9 of its levels.

You collected 360 gold pieces.
You spent 112 gold pieces at shops.

Inventory:

Missiles
 d - a throwing net (quivered)
Armour
 a - a +0 robe (worn)
 b - a +0 kite shield (worn)
 m - a scarf of invisibility
 n - a +0 cloak (worn)
Jewellery
 h - a ring of protection from fire (left claw)
Wands
 i - a wand of flame (16)
 l - a wand of acid (3)
 s - a wand of iceblast (3)
Scrolls
 q - a scroll of magic mapping
Potions
 c - 2 potions of might
 e - a potion of heal wounds
 f - a potion of magic
 g - a potion of invisibility
 j - 4 potions of brilliance
 k - a potion of cancellation
 o - 3 potions of attraction {unknown}
 p - a potion of ambrosia {unknown}


   Skills:
 - Level 3.1 Fighting
 - Level 2.9 Dodging
 + Level 5.2 Shields
 + Level 8.1 Unarmed Combat
 + Level 6.4 Invocations


You had 8 spell levels left.
You didn't know any spells.
Your spell library contained the following spells:

 Spells                   Type           Power      Damage    Failure   Level
 Slow                     Hex            0%         N/A       88%         2
 Confusing Touch          Hex            0%         N/A       98%         3
 Conjure Flame            Conj/Fire      0%         6-21      98%         3
 Dazzling Flash           Conj/Hex       0%         N/A       98%         3
 Ignite Poison            Fire/Tmut/Pois 0%         N/A       98%         3
 Iskenderun's Mystic Bla  Conj/Tloc      0%         2d3       100%        4
 Sticky Flame             Conj/Fire      0%         2d3       100%        4
 Summon Forest            Summ/Tloc      0%         N/A       100%        5
 Summon Mana Viper        Hex/Summ       0%         N/A       100%        5
 Yara's Violent Unravell  Hex/Tmut       0%         3d3       100%        5
 Shadow Creatures         Summ           N/A        N/A       100%        6
 Starburst                Conj/Fire      0%         6d3       100%        6


Dungeon Overview and Level Annotations

Branches:
Dungeon (8/15)             Temple (1/1) D:7
   Lair: D:8-11

Altars:
Ashenzari
Cheibriados
Dithmenos
Elyvilon
Fedhas
Gozag
Hepliaklqana
Kikubaaqudgha
Makhleb
Nemelex Xobeh
Okawaru
Qazlal
Ru
Sif Muna
Trog
Uskayaw
Vehumet
Wu Jian
Xom
Zin

Shops:
D:2 ?   D:3 :

Annotations:
D:8 Erica


Innate Abilities, Weirdness & Mutations

You are too large for most types of armour.
You have claws for hands.
Your natural rate of healing is unusually fast.
You are covered in fur. (AC +1)
You have tough skin. (AC +1)


Message History

You are healed.
You can no longer provide greater healing for yourself.
The troll bites you!
* * * LOW HITPOINT WARNING * * *
The troll claws you.
* * * LOW HITPOINT WARNING * * *
The troll barely misses you.
You scratch the troll.
The troll is moderately wounded.
The troll barely misses you. x2; The troll claws you but does no damage.
Unknown command.
You claw the troll!
The troll is severely wounded.
The troll bites you.
* * * LOW HITPOINT WARNING * * *
The troll claws you.
* * * LOW HITPOINT WARNING * * *
You block the troll's attack.
You completely miss the troll.
The troll is severely wounded.
You block the troll's attack. The troll closely misses you.
The troll claws you.
* * * LOW HITPOINT WARNING * * *
You claw the troll!
The troll is almost dead.
The troll bites you.
* * * LOW HITPOINT WARNING * * *
The troll barely misses you. x2
Unknown command.
You closely miss the troll.
The troll is almost dead.
The troll bites you!
* * * LOW HITPOINT WARNING * * *
You block the troll's attack. The troll claws you.
* * * LOW HITPOINT WARNING * * *
Unknown command.
You closely miss the troll.
The troll is almost dead.
The troll bites you!
You die...

.....<.[....# #.....≈≈≈≈≈.
............# #### ##....≈≈≈≈..
...........## ##..## ##..≈≈≈≈≈.#
...........# ##....######≈≈≈≈≈##
...........# ##.......## #≈≈≈≈##
..........## #.........###≈≈≈≈#
..........# ##..>.......##≈≈≈≈#
#(.......## #...T........#≈≈≈≈###
##.......# ##...@.........≈≈≈≈≈##
#.......## #..............≈≈≈≈≈##
...##...####.....<.........≈≈≈≈#
.)###....##................≈≈≈≈##
..####...##................≈≈≈≈≈#
...###...#.................≈≈≈≈≈#
....##......................≈≈≈≈#
....###.....................≈≈≈≈≈
....###.....................≈≈≈≈≈


You could see a troll.

Vanquished Creatures
  A shadow (D:7)
  2 wyverns (D:7)
  Eustachio (D:3)
  Menkaure (D:5)
  Edmund (D:4)
  A water moccasin (D:7)
  2 sky beasts
  An ice beast (D:6)
  A black bear (D:4)
  An ogre (D:5)
  A kobold brigand (D:7)
  A phantom (D:7)
  A bullfrog (D:7)
  A wyvern skeleton (D:5)
  A centaur zombie (D:8)
  2 bullfrog zombies
  A jelly (D:5)
  2 bullfrog skeletons (D:4)
  Crazy Yiuf (D:5)
  An orc priest (D:7)
  3 centaur skeletons
  2 iguanas
  4 orc wizards
  A hound skeleton (D:4)
  7 gnolls
  2 howler monkey skeletons
  2 howler monkey zombies
  6 adders
  A white imp (D:7)
  4 worms
  19 orcs
  9 ball pythons
  5 bats
  3 endoplasms
  4 giant cockroaches
  10 goblins
  2 hobgoblins (D:1)
  10 kobolds
  3 quokkas
  5 frilled lizards
  7 rats
133 creatures vanquished.

Vanquished Creatures (others)
  2 fungi (D:1)
  A plant (D:1)
3 creatures vanquished.

Grand Total: 136 creatures vanquished

Notes
Turn   | Place    | Note
-------+----------+-------------------------------------------
     0 | D:1      | pkoi the Troll Fighter began the quest for the Orb.
     0 | D:1      | Reached XP level 1. HP: 22/22 MP: 0/0
    55 | D:1      | Reached XP level 2. HP: 29/29 MP: 1/1
   249 | D:1      | Reached XP level 3. HP: 36/36 MP: 2/2
   434 | D:1      | Found a faded altar of an unknown god.
   517 | D:2      | Reached skill level 3 in Unarmed Combat
   535 | D:2      | Found Qits's Magic Scroll Shop.
   644 | D:2      | Reached XP level 4. HP: 43/44 MP: 3/3
  1393 | D:3      | Found an ancient bone altar of Kikubaaqudgha.
  1510 | D:3      | Found a white marble altar of Elyvilon.
  1591 | D:3      | Became a worshipper of Elyvilon the Healer
  1717 | D:3      | Found Tent's Book Shoppe.
  1992 | D:4      | Reached skill level 4 in Unarmed Combat
  1992 | D:4      | Reached skill level 1 in Invocations
  1992 | D:4      | Reached XP level 5. HP: 48/50 MP: 4/4
  2094 | D:2      | Bought a scroll of identify for 28 gold pieces
  2094 | D:2      | Bought a scroll of identify for 28 gold pieces
  2094 | D:2      | Bought a scroll of identify for 28 gold pieces
  2094 | D:2      | Bought a scroll of identify for 28 gold pieces
  2213 | D:4      | Reached * piety under Elyvilon
  2331 | D:4      | Noticed Edmund
  2348 | D:4      | Killed Edmund
  2349 | D:4      | Reached XP level 6. HP: 59/59 MP: 6/6
  2461 | D:4      | Reached skill level 5 in Unarmed Combat
  2644 | D:4      | Noticed Eustachio
  2686 | D:3      | Killed Eustachio
  2687 | D:3      | Reached XP level 7. HP: 54/66 MP: 8/8
  2977 | D:5      | Entered Level 5 of the Dungeon
  2985 | D:5      | Noticed Menkaure
  3000 | D:5      | Killed Menkaure
  3001 | D:5      | Reached skill level 6 in Unarmed Combat
  3295 | D:5      | Found a runed translucent door.
  3296 | D:5      | Noticed Crazy Yiuf
  3300 | D:5      | Killed Crazy Yiuf
  3366 | D:5      | Reached XP level 8. HP: 51/74 MP: 10/10
  3473 | D:5      | Reached ** piety under Elyvilon
  3809 | D:6      | Found an iron altar of Okawaru.
  3857 | D:6      | Reached skill level 5 in Invocations
  3947 | D:6      | Reached skill level 7 in Unarmed Combat
  4390 | D:7      | Reached *** piety under Elyvilon
  4601 | D:7      | Found a staircase to the Ecumenical Temple.
  4613 | Temple   | Entered the Ecumenical Temple
  5066 | D:7      | Reached XP level 9. HP: 62/81 MP: 12/12
  5372 | D:7      | Reached skill level 5 in Shields
  5375 | D:7      | Reached skill level 8 in Unarmed Combat
  5570 | D:8      | Noticed a troll
  5607 | D:8      | Reached **** piety under Elyvilon
  5711 | D:8      | Noticed Erica
  5842 | D:7      | Mangled by a troll

Illustrated notes

Levels and vault maps discovered:
D:1:      amcnicky_arrival_blooded_trapdoor, layout_basic,
          shapermc_ecumenical_altar_mp_urbaneastern, minmay_hexomino_u4
D:2:      layout_basic, serial_shops, nicolae_lakefront_shop
D:3:      layout_basic, mainiacjoe_overflow_24_doors, elyvilon_altar_4,
          serial_shops, nicolae_shop_behind_doors
D:4:      layout_gridville, uniq_eustachio, uniq_edmund
D:5:      layout_basic, kennysheep_cluttered_room, uniq_menkaure,
          uniq_crazy_yiuf_cottage
D:6:      layout_gridville, okawaru_metal_pillars_3
D:7:      wander_river, layout_cave_pods, minmay_temple_entry_gardened_gates,
          serial_glass, glass_columns_b, glass_columns_b, due_unseen_surprise,
          minmay_misc_feat_encased, minmay_misc_feat_plants, kennysheep_path_1,
          minmay_small_thing
D:8:      layout_cave_pods, uniq_erica, uniq_joseph
Temple:   minmay_crystal_spiral_temple

Skill      XL: |  1  2  3  4  5  6  7  8  9 |
---------------+----------------------------+-----
Unarmed Combat | 3 4 5 6 7 8 |  8.1
Shields        | 3 4 5 |  5.2
Invocations    | 1 2 3 4 6 |  6.4
Fighting       | 3 |  3.1
Dodging        | |  2.9

Action                   |  1- 3 |  4- 6 |  7- 9 || total
-------------------------+-------+-------+-------++-------
Melee: Unarmed           |    89 |   120 |   220 ||   429
Invok: Greater Healing   |       |       |     2 ||     2
Evoke: Wand              |       |     4 |       ||     4
  Use: Scroll            |     2 |     7 |     4 ||    13
       Potion            |       |     1 |       ||     1
Armor: Robe              |    18 |    26 |    53 ||    97
       Skin              |       |     5 |       ||     5
Dodge: Dodged            |    27 |    20 |    67 ||   114
Block: Kite shield       |    35 |    39 |    97 ||   171
